 Dungeon Crawl Stone Soup version 0.28.0-43-g3370ac3207 (webtiles) character file.

Game seed: 3239166947036896620

97 boopmooplesden the Covered (level 4, -4/41 HPs)
             Began as a Minotaur Fighter on Mar 4, 2022.
             Slain by Crazy Yiuf
             ... wielding a +2 quarterstaff of chaos
              (14 damage)
             ... on level 3 of the Dungeon.
             The game lasted 00:02:01 (2307 turns).

boopmooplesden the Covered (Minotaur Fighter)       Turns: 2307, Time: 00:02:03

Health: -4/41      AC:  7    Str: 23    XL:     4   Next: 42%
Magic:  3/3        EV:  9    Int:  5    God:
Gold:   134        SH:  4    Dex:  9    Spells: 3/3 levels left

rFire   . . .      SeeInvis .   e - +0 whip (elec)
rCold   . . .      Faith    .   c - +0 buckler
rNeg    . . .      Spirit   .   b - +0 scale mail
rPois   .          Reflect  .   (helmet restricted)
rElec   .          Harm     .   (no cloak)
rCorr   .          Rampage  .   (no gloves)
Will    .....                   (no boots)
Stlth   ..........              (no amulet)
HPRegen 0.13/turn               (no ring)
MPRegen 0.08/turn               (no ring)

@: no status effects
A: horns 2, retaliatory headbutt
a: no special abilities


You were on level 3 of the Dungeon.
You visited 1 branch of the dungeon, and saw 3 of its levels.

You collected 134 gold pieces.

Inventory:

Hand Weapons
 a - a +0 long sword
 e - a +0 whip of electrocution (weapon)
 w - a +1 war axe of venom
Missiles
 h - 6 curare-tipped darts (quivered)
Armour
 b - a +0 scale mail (worn)
 c - a +0 buckler (worn)
Jewellery
 t - a ring of fire
 u - a +6 ring of dexterity
Scrolls
 i - 2 scrolls of fog {unknown}
 j - 4 scrolls of identify {unknown}
 m - a scroll of immolation {unknown}
 n - a scroll of magic mapping {unknown}
 o - a scroll of silence {unknown}
 q - a scroll of teleportation {unknown}
 v - a scroll of summoning {unknown}
Potions
 d - a potion of might
 f - 2 potions of mutation {unknown}
 g - a potion of attraction {unknown}
 k - a potion of degeneration {unknown}
 l - a potion of berserk rage {unknown}
 p - 3 potions of curing {unknown}
 r - a potion of brilliance {unknown}
 s - a potion of flight {unknown}


   Skills:
 + Level 4.4 Fighting
 + Level 3.3 Long Blades
 + Level 0.5 Maces & Flails
 + Level 4.5 Armour
 + Level 1.1 Dodging
 + Level 4.1 Shields


You had 3 spell levels left.
You didn't know any spells.
Your spell library contained the following spells:

 Spells                   Type           Power      Damage    Failure   Level
 Conjure Flame            Conj/Fire      0%         6-21      99%         3
 Ignite Poison            Fire/Tmut/Pois 0%         N/A       99%         3
 Sticky Flame             Conj/Fire      0%         2d3       100%        4


Dungeon Overview and Level Annotations

Branches:
Dungeon (3/15)

Altars:
Dithmenos

Annotations:
D:3 2 transporters, Crazy Yiuf


Innate Abilities, Weirdness & Mutations

You have a pair of horns on your head.
You reflexively headbutt those who attack you in melee.


Message History

You barely miss the kobold. You headbutt the kobold.
You kill the kobold!
Things that are here:
a +0 club; 6 poisoned darts
Found a stone staircase leading up.
You open the door.
There is an open door here.
Found a stone staircase leading down.
Found a stone staircase leading up.
You now have 134 gold pieces (gained 14).
There is a stone staircase leading down here.
There is an open door here.
Found a mace.
Found a runed translucent door.
Crazy Yiuf shouts!
Crazy Yiuf grits, "Ghoul alas ragdoll!"
There is an open door here.
There is an open door here.
You see here a +0 flail.
You see here a +0 flail.
There is an open door here.
Key pressed, stopping explore.
There is an open door here.
Crazy Yiuf whimpers, "Rot canine bag!"
As you open the door, it creaks loudly!
You completely miss Crazy Yiuf. You block Crazy Yiuf's attack.
You hit Crazy Yiuf. Your headbutt misses Crazy Yiuf.
Crazy Yiuf is moderately wounded.
Crazy Yiuf waves his quarterstaff at you.
Crazy Yiuf hits you with a +2 quarterstaff of chaos.
Crazy Yiuf draws strength from your wounds!
You hit Crazy Yiuf. You headbutt Crazy Yiuf.
Crazy Yiuf is heavily wounded.
Crazy Yiuf hits you with a +2 quarterstaff of chaos!
You barely miss Crazy Yiuf.
Crazy Yiuf is heavily wounded.
Crazy Yiuf hits you with a +2 quarterstaff of chaos!
Crazy Yiuf burns you.
* * * LOW HITPOINT WARNING * * *
Crazy Yiuf hits you with a +2 quarterstaff of chaos!
You die...

#.......|.###....####
#.# #.........#
#....# #.#
#.......).# #P.P.#
##########.#
#.........# #.P.##
#..........#
#.........# ##.##
##########.#
#.........# #.## ###
########### ##.# #.##
##@# #g# ... #...#
#..)# #####


You could see Crazy Yiuf.

Vanquished Creatures
  4 adders (D:2)
  4 dart slugs
  An orc (D:3)
  3 endoplasms
  5 giant cockroaches
  3 goblins
  7 hobgoblins
  2 quokkas
  6 ball pythons
  2 bats
  2 frilled lizards
  5 kobolds
  9 rats
53 creatures vanquished.

Notes
Turn   | Place    | Note
-------+----------+-------------------------------------------
     0 | D:1      | boopmooplesden the Minotaur Fighter began the quest for the
                  | Orb.
     0 | D:1      | Reached XP level 1. HP: 19/19 MP: 0/0
    91 | D:1      | Reached XP level 2. HP: 14/27 MP: 1/1
   253 | D:1      | Found a faded altar of an unknown god.
   759 | D:1      | Reached XP level 3. HP: 26/33 MP: 2/2
  1201 | D:2      | Reached skill level 1 in Dodging
  1434 | D:2      | Reached XP level 4. HP: 41/41 MP: 3/3
  1725 | D:3      | Found a transporter.
  1773 | D:3      | Found a shadowy altar of Dithmenos.
  1816 | D:3      | Found a transporter.
  2175 | D:3      | Found a runed translucent door.
  2176 | D:3      | Noticed Crazy Yiuf
  2307 | D:3      | Slain by Crazy Yiuf

Illustrated notes

Levels and vault maps discovered:
D:1:      minmay_arrival_wavy_path, layout_basic,
          hellmonk_ecumenical_altar_lost_god, columned_hall_lemuel,
          roderic_serpentine_path, st_stairs_2, minmay_misc_feat_plants
D:2:      layout_rooms
D:3:      gammafunk_steamed_eel, layout_basic, general_overflow_altar,
          uniq_crazy_yiuf_cottage

Skill      XL: |  1  2  3 |
---------------+----------+-----
Armour         | 4 |  4.5
Fighting       | 4 |  4.4
Dodging        | 1 |  1.1
Long Blades    | 3 |  3.3
Shields        | 4 |  4.1
Maces & Flails | |  0.5

Action                   |  1- 3 |  4- 6 || total
-------------------------+-------+-------++-------
Melee: Long sword        |    16 |       ||    16
       Headbutt          |     9 |     6 ||    15
       Whip              |    64 |    30 ||    94
Armor: Scale mail        |    45 |    24 ||    69
Dodge: Dodged            |    40 |     7 ||    47
Block: Buckler           |    16 |     7 ||    23
